 Dungeon Crawl Stone Soup version 0.17-a0-1923-gc35365e (webtiles) character file.

388 Kusio the Basher (level 6, 0/99 HPs)
             Began as an Ogre Berserker on Sept 28, 2015.
             Was a Priest of Trog.
             Slain by a sky beast (2 damage)
             ... on level 4 of the Dungeon.
             The game lasted 00:14:44 (3079 turns).

Kusio the Basher (Ogre Berserker)                   Turns: 3079, Time: 00:14:44

Health: 0/99       AC:  3    Str: 29    XL:     6   Next: 79%
Magic:  6/6        EV: 10    Int:  6    God:    Trog [***...]
Gold:   243        SH:  0    Dex: 13    Spells: 0 memorised, 5 levels left

rFire  . . .     SeeInvis .     a - +0 mace
rCold  . . .     Clarity  .     b - +0 animal skin
rNeg   . . .     SustAt   .     (no shield)
rPois  .         Gourm    .     (helmet restricted)
rElec  .         Spirit   .     (no cloak)
rCorr  .         Warding  .     (gloves unavailable)
rMut   .         Stasis   .     (boots unavailable)
MR     .....                    (no amulet)
Stlth  ..........               s - ring of loudness (curse)
                                t - +3 ring of dexterity (curse)

@: berserking, very quick, not resistant to hostile enchantments, extremely
unstealthy
A: unfitting armour, tough skin 1
a: Burn Spellbooks, Berserk, Trog's Hand, Renounce Religion


You were on level 4 of the Dungeon.
You worshipped Trog.
Trog was most pleased with you.
You were not hungry.

You visited 1 branch of the dungeon, and saw 4 of its levels.

You collected 243 gold pieces.

Inventory:

Hand weapons
 a - a +0 mace (weapon)
 p - a +3 blowgun
Missiles
 q - 2 tomahawks (quivered)
 v - 9 poisoned needles
Armour
 b - a +0 animal skin (worn)
Jewellery
 o - an uncursed ring of protection from fire
 s - a cursed ring of loudness (right hand)
 t - a cursed +3 ring of dexterity (left hand)
Magical devices
 w - a wand of lightning (12)
Scrolls
 d - 2 scrolls of teleportation
 e - a scroll of enchant weapon {unknown}
 f - 2 scrolls of remove curse {unknown}
 g - 2 scrolls of identify {unknown}
 i - a scroll of magic mapping
 n - a scroll of fog
Potions
 h - 4 potions of curing {unknown}
 j - a potion of heal wounds
 m - 2 potions of resistance {unknown}
 u - a potion of haste {unknown}
Comestibles
 c - 4 bread rations
 k - a meat ration


   Skills:
 - Level 5.2 Fighting
 * Level 8.3 Maces & Flails
 + Level 2.7 Throwing
 - Level 2.6 Dodging


You had 5 spell levels left.
You didn't know any spells.

Dungeon Overview and Level Annotations

Branches:
Dungeon (4/15)             Temple (0/1) D:4

Altars:
Elyvilon
Gozag
The Shining One


Innate Abilities, Weirdness & Mutations

You are too large for most types of armour.
You have tough skin (AC +1).


Message History

* * * LOW HITPOINT WARNING * * *
The sky beast shocks you.
* * * LOW HITPOINT WARNING * * *
You barely miss the sky beast.
The sky beast is almost dead.
The sky beast closely misses you.
You hit the sky beast.
The sky beast is almost dead.
The sky beast barely misses you.
You closely miss the sky beast.
The sky beast is almost dead.
The sky beast hits you.
* * * LOW HITPOINT WARNING * * *
The sky beast shocks you.
* * * LOW HITPOINT WARNING * * *
Use which ability?
A red film seems to cover your vision as you go berserk!
You feel yourself moving faster!
You feel mighty!
You feel quite a bit more hungry. The sky beast hits you.
You die...

### #.. #.# #.# #.#
###############.
#.####.......@Y......
#..............(..##.
####..###..........(((..
......# #..#########..((
####..# #..# .##
#..###..# # #....#..#
####..#.#<.##
......#.#..[#


You could see a sky beast.

Vanquished Creatures
  The ghost of Kusio the Cudgeler, an average OgHu (D:3)
  A wasp zombie (D:4)
  An iguana (D:4)
  2 orc wizards
  4 adders (D:2)
  An ooze (D:2)
  4 giant geckos
  9 orcs (D:3)
  10 hobgoblins
  15 kobolds
  3 quokkas
  4 bats
  3 giant cockroaches
  2 giant newts
  11 goblins
  4 jackals (D:3)
  A quokka skeleton (D:4)
  4 rats
80 creatures vanquished.

Vanquished Creatures (others)
  A quokka (D:3)
1 creature vanquished.

Grand Total: 81 creatures vanquished

Notes
Turn   | Place    | Note
--------------------------------------------------------------
     0 | D:1      | Kusio the Ogre Berserker began the quest for the Orb.
     0 | D:1      | Reached XP level 1. HP: 24/24 MP: 1/1
    38 | D:1      | Found a glowing golden altar of the Shining One.
   175 | D:1      | Reached XP level 2. HP: 12/32 MP: 2/2
   562 | D:1      | Reached skill level 5 in Maces & Flails
   993 | D:1      | Reached XP level 3. HP: 32/39 MP: 3/3
  1032 | D:1      | Acquired Trog's second power
  1583 | D:2      | Reached XP level 4. HP: 39/49 MP: 4/4
  1830 | D:2      | Reached skill level 5 in Fighting
  1849 | D:2      | Reached skill level 6 in Maces & Flails
  2016 | D:3      | Found an opulent altar of Gozag.
  2376 | D:2      | Reached XP level 5. HP: 27/57 MP: 5/5
  2548 | D:3      | Reached skill level 1 in Throwing
  2576 | D:3      | Found a white marble altar of Elyvilon.
  2737 | D:3      | Noticed Kusio's ghost (average OgHu)
  2753 | D:3      | Killed Kusio's ghost
  2753 | D:3      | Reached skill level 8 in Maces & Flails
  2753 | D:3      | Reached XP level 6. HP: 66/66 MP: 6/6
  2874 | D:4      | Found a staircase to the Ecumenical Temple.
  3078 | D:4      | HP: 1/66 [sky beast (6)]
  3079 | D:4      | Slain by a sky beast

Vault maps used:
D:1:      eino_arrival_druids_welcome, serial_corexii_hall,
          corexii_hall_statues_x, corexii_hall_statues_x,
          corexii_hall_statues_i, corexii_hall_statues_deadend, tso_metal_star
D:2:      minmay_misc_feat_five
D:3:      nicolae_overflow_hidden_temple, elyvilon_altar_4
D:4:      minmay_temple_entry_glass, first_bread, serial_shops,
          nicolae_shop_waterfront, nicolae_qazlal_style_of_elements,
          uniq_sigmund

Action                   |  1- 3 |  4- 6 || total
-------------------------+-------+-------++-------
Melee: Mace              |   124 |   166 ||   290
Throw: Tomahawk          |       |     4 ||     4
       Large rock        |       |    16 ||    16
Invok: Berserk           |     1 |     3 ||     4
  Use: Scroll            |     2 |     1 ||     3
       Potion            |       |     1 ||     1
 Stab: Sleeping          |     1 |       ||     1
  Eat: Chunk             |     3 |     6 ||     9
       Pizza             |       |     1 ||     1
